 Dungeon Crawl Stone Soup version 0.23.2 (webtiles) character file.

Game seed: 1809384475660474675

48 Ludini the Firebug (level 3, -4/24 HPs)
             Began as a Demonspawn Fire Elementalist on Apr 12, 2019.
             Was an Initiate of Ashenzari.
             Slain by an orc
             ... wielding a +0 war axe
              (7 damage)
             ... on level 2 of the Dungeon.
             The game lasted 00:10:27 (2005 turns).

Ludini the Firebug (Demonspawn Fire Elementalist)   Turns: 2005, Time: 00:10:28

Health: -4/24      AC:  3    Str:  8    XL:     3   Next: 50%
Magic:  0/6        EV: 12    Int: 17    God:    Ashenzari [......]
Gold:   89         SH:  0    Dex: 13    Spells: 2/6 levels left

rFire    . . .     SeeInvis .   m - +0 whip
rCold    . . .     Gourm    .   (no shield)
rNeg     + . .     Faith    .   a - +0 robe
rPois    .         Spirit   +   (no helmet)
rElec    .         Reflect  .   (no cloak)
rCorr    .         Harm     .   (no gloves)
MR       .....                  j - +0 pair of boots
Stlth    ++........             (no amulet)
HPRegen  0.08/turn              d - ring of positive energy
MPRegen  0.10/turn              (no ring)

@: no status effects
A: magic shield, rot immunity
a: Curse Item, Renounce Religion


You were on level 2 of the Dungeon.
You worshipped Ashenzari.
Ashenzari was noncommittal.
You were not hungry.

You visited 1 branch of the dungeon, and saw 3 of its levels.

You collected 89 gold pieces.

Inventory:

Hand Weapons
 m - a +0 whip (weapon)
Armour
 a - a +0 robe (worn)
 j - a +0 pair of boots (worn)
 p - a +0 buckler
Jewellery
 d - a ring of positive energy (left hand)
Scrolls
 e - 3 scrolls of magic mapping {unknown}
 h - a scroll of immolation {unknown}
 i - a scroll of identify {unknown}
 n - a scroll of remove curse
Potions
 b - 2 potions of haste {unknown}
 f - 3 potions of curing
 g - a potion of brilliance {unknown}
 l - a potion of might {unknown}
 o - a potion of invisibility {unknown}
Comestibles
 c - a ration


   Skills:
 - Level 1.8 Dodging
 - Level 1.7 Stealth
 - Level 2.0 Spellcasting
 + Level 2.4 Conjurations
 + Level 3.4 Fire Magic


You had 2 spell levels left.
You knew the following spells:

 Your Spells              Type           Power        Failure   Level  Hunger
a - Flame Tongue          Conj/Fire      ##...        6%          1    #......
b - Conjure Flame         Conj/Fire      ##......     17%         3    ###....

Your spell library contained the following spells:

 Spells                   Type           Power        Failure   Level  Hunger
 Throw Flame              Conj/Fire      ##....       9%          2    ###....
 Inner Flame              Hex/Fire       #.......     28%         3    ###....
 Sticky Flame             Conj/Fire      ##......     50%         4    #####..
 Fireball                 Conj/Fire      ##........   85%         5    ######.


Dungeon Overview and Level Annotations

Branches:
Dungeon (3/15)

Altars:
Ashenzari

Annotations:
D:2 Sigmund


Innate Abilities, Weirdness & Mutations

When hurt, damage is shared between your health and your magic reserves.
You are immune to rotting.


Message History

The adder bites you.
Casting: Flame Tongue (safe; 6% risk of failure)
Confirm with . or Enter, or press ? or * to list all spells.
Aiming: Flame Tongue (safe; 6% risk of failure)
Press: ? - help, Shift-Dir - straight line, f/p - adder
Aim: an adder (severely wounded)
The flame tongue hits the adder.
You kill the adder!
Casting: Flame Tongue (safe; 6% risk of failure)
Confirm with . or Enter, or press ? or * to list all spells.
You don't have enough magic to cast that spell.
Casting: Flame Tongue (safe; 6% risk of failure)
Confirm with . or Enter, or press ? or * to list all spells.
You don't have enough magic to cast that spell.
It was a potion of curing.
You feel better. The orc closely misses you.
You barely miss the orc. The orc hits you with a +0 war axe.
You hit the orc but do no damage. The orc hits you with a +0 war axe!
* * * LOW HITPOINT WARNING * * *
You barely miss the orc. The orc hits you with a +0 war axe!
You die...

#.# ##########...>.. ## #.#
#........#...... #
#.###.#####........#......
#(###.........'........#......
#>.......######........##.....
#.......######........##.###.
#.......'....'........##.# .
#.......######.....>..##.# .
####+#'## #@o.#'###...#.#
####....####################
.#..........................#
........<#...#...#...#...#..#
#.....รท..................._#
#.......#...#...#...#...#..#
#..........................#
#####...####################
#....


You could see an orc.

Vanquished Creatures
  An adder (D:2)
  An ooze (D:1)
  A dart slug (D:1)
  A leopard gecko (D:1)
  2 giant cockroaches
  3 goblins (D:1)
  4 hobgoblins (D:1)
  4 jackals (D:1)
  3 kobolds (D:1)
  3 bats (D:1)
  3 frilled lizards
  5 rats
31 creatures vanquished.

Notes
Turn   | Place    | Note
-------+----------+-------------------------------------------
     0 | D:1      | Ludini the Demonspawn Fire Elementalist began the quest for
                  | the Orb.
     0 | D:1      | Reached XP level 1. HP: 13/13 MP: 3/3
   214 | D:1      | Reached skill level 3 in Fire Magic
   214 | D:1      | Gained mutation: You are immune to rotting. [demonic
                  | ancestry]
   214 | D:1      | Reached XP level 2. HP: 19/19 MP: 1/5
  1064 | D:1      | Gained mutation: When hurt, damage is shared between your
                  | health and your magic reserves. [demonic ancestry]
  1064 | D:1      | Reached XP level 3. HP: 24/24 MP: 4/6
  1441 | D:2      | Noticed Sigmund
  1567 | D:2      | Found a shattered altar of Ashenzari.
  1597 | D:2      | Became a worshipper of Ashenzari the Shackled
  1803 | D:3      | Noticed a +0 hand axe
  1804 | D:3      | Noticed a -2 dagger
  1820 | D:3      | Noticed a scorpion
  1942 | D:1      | Learned a level 3 spell: Conjure Flame
  2005 | D:2      | Slain by an orc

Skill      XL: |  1  2 |
---------------+-------+-----
Fire Magic     | 3 |  3.4
Conjurations   | 2 |  2.4
Dodging        | |  1.8
Stealth        | |  1.7
Spellcasting   | |  2.0

Action                   || total
-------------------------++-------
Melee: Unarmed           ||     8
       Whip              ||     3
 Cast: Flame Tongue      ||    54
  Use: Potion            ||     1
  Eat: Chunk             ||     4
Armor: Robe              ||    12
Dodge: Dodged            ||    18
